 Dungeon Crawl Stone Soup version 0.19.1 (webtiles) character file.

58 Kailar the Chiller (level 3, -2/19 HPs)
             Began as a Deep Elf Ice Elementalist on Nov 28, 2016.
             Slain by Duvessa
             ... wielding a +0 rapier
              (8 damage)
             ... on level 4 of the Dungeon.
             The game lasted 00:30:17 (2217 turns).

Kailar the Chiller (Deep Elf Ice Elementalist)      Turns: 2217, Time: 00:30:17

Health: -2/19      AC:  9    Str:  4 (5)  XL:     3   Next: 76%
Magic:  1/10       EV: 13    Int: 19 (20) God:
Gold:   160        SH:  0    Dex: 13 (15) Spells: 3 memorised, 3 levels left

rFire  . . .     SeeInvis .     h - +1 club
rCold  . . .     Gourm    .     d - +0 robe
rNeg   . . .     Faith    .     (no shield)
rPois  .         Spirit   .     (no helmet)
rElec  .         Reflect  .     (no cloak)
rCorr  .         Harm     .     t - +0 pair of gloves (curse)
MR     .....                    (no boots)
Stlth  ++........               (no amulet)
                                (no ring)
                                k - ring of wizardry

@: icy armour, slow
A: no striking features
a: no special abilities


You were on level 4 of the Dungeon.
You were hungry.

You visited 1 branch of the dungeon, and saw 4 of its levels.

You collected 160 gold pieces.

Inventory:

Hand Weapons
 h - a +1 club (weapon)
 o - a cursed -3 falchion
Missiles
 g - 94 stones
 i - 24 arrows
 j - 7 javelins (quivered)
 m - 41 bolts
 q - 4 tomahawks
Armour
 a - a +0 robe
 d - a +0 robe (worn)
 t - a cursed +0 pair of gloves (worn)
Jewellery
 k - a ring of wizardry (left hand)
Scrolls
 e - a scroll of magic mapping
 l - a scroll of enchant weapon
 n - 3 scrolls of identify
Potions
 p - 2 potions of degeneration
 s - a potion of lignification
 u - a potion of agility
Books
 b - a book of Frost

   Spells                             Type                      Level
   a - Freeze                         Ice                          1
   b - Throw Frost                    Conjuration/Ice              2
   c - Ozocubu's Armour               Charms/Ice                   3
   d - Throw Icicle                   Conjuration/Ice              4
   e - Summon Ice Beast               Ice/Summoning                4
Comestibles
 c - 3 bread rations
 f - 7 chunks of flesh
 r - 2 meat rations


   Skills:
 - Level 2.4 Dodging
 * Level 3.1 Stealth
 + Level 3.6 Spellcasting
 * Level 1.3 Conjurations
 * Level 0.8 Charms
 + Level 4.3 Ice Magic


You had 3 spell levels left.
You knew the following spells:

 Your Spells              Type           Power        Failure   Level  Hunger
a - Freeze                Ice            ###.         1%          1    None
b - Throw Frost           Conj/Ice       ##....       4%          2    ##.....
c - Ozocubu's Armour      Chrm/Ice       ##......     6%          3    ###....


Dungeon Overview and Level Annotations

Branches:
Dungeon (4/15)
 Temple: D:4-7

Altars:
Ashenzari

Annotations:
D:4 Dowan, Duvessa


Message History

Press: ? - help, Shift-Dir - straight line, f - Duvessa
Aim: Duvessa, wielding a rapier and wearing a ring mail (fast)
You freeze Duvessa.
Duvessa is lightly wounded.
Duvessa hits you but does no damage.
Casting: Freeze
Confirm with . or Enter, or press ? or * to list all spells.
Aiming: Freeze
Press: ? - help, Shift-Dir - straight line, f/p - Duvessa
Aim: Duvessa, wielding a rapier and wearing a ring mail (lightly wounded, fast)
You freeze Duvessa.
Duvessa is moderately wounded.
Duvessa misses you. Duvessa hits you with a rapier!
Ouch! That really hurt!
Okay, then.
Okay, then.
You hit Duvessa but do no damage.
Duvessa is moderately wounded.
Duvessa hits you with a rapier!
You die...

.........###...
#...........#
#......###.###
#.......##<..#
###.....####.#
##..........#
##........####
...........#
####....@#.#
#####e#...
#..........
#...#[###.>..
.....##.. ....
..##. ##. ### #
# .. .. ...


You could see Duvessa.

Vanquished Creatures
  2 adders (D:2)
  3 bats
  2 giant cockroaches
  13 goblins
  5 hobgoblins
  2 jackals (D:3)
  2 ball pythons (D:1)
  3 frilled lizards
  2 kobolds
  A rat (D:1)
35 creatures vanquished.

Notes
Turn   | Place    | Note
-------+----------+-------------------------------------------
     0 | D:1      | Kailar the Deep Elf Ice Elementalist began the quest for the Orb.
     0 | D:1      | Reached XP level 1. HP: 10/10 MP: 6/6
   236 | D:1      | Reached XP level 2. HP: 15/15 MP: 6/8
   240 | D:1      | Learned a level 2 spell: Throw Frost
   853 | D:2      | Reached skill level 4 in Ice Magic
  1019 | D:2      | Reached XP level 3. HP: 19/19 MP: 4/9
  1024 | D:2      | Learned a level 3 spell: Ozocubu's Armour
  1649 | D:3      | Found a shattered altar of Ashenzari.
  2209 | D:4      | Noticed Dowan
  2210 | D:4      | Noticed Duvessa
  2217 | D:4      | Slain by Duvessa

Skill      XL: |  1  2  3 |
---------------+----------+-----
Ice Magic      | 4 |  4.3
Stealth        | 3 |  3.1
Dodging        | |  2.4
Spellcasting   | |  3.6
Conjurations   | |  1.3
Charms         | |  0.8

Action                   || total
-------------------------++-------
Melee: Club              ||    10
 Cast: Freeze            ||    36
       Throw Frost       ||    19
       Ozocubu's Armour  ||    11
  Use: Potion            ||     8
       Scroll            ||     5
  Eat: Chunk             ||     5
Armor: Robe              ||     9
Dodge: Dodged            ||    22
